 Dungeon Crawl Stone Soup version 0.20.1-1-g8b1a95d (webtiles) character file.

31 vineage the Skirmisher (level 3, 0/29 HPs)
             Began as a Demonspawn Fighter on Oct 10, 2017.
             Slain by an adder (4 damage)
             ... on level 2 of the Dungeon.
             The game lasted 00:01:10 (739 turns).

vineage the Skirmisher (Demonspawn Fighter)          Turns: 739, Time: 00:01:11

Health: 0/29       AC:  8    Str: 17    XL:     3   Next: 7%
Magic:  3/3        EV:  7    Int:  9    God:
Gold:   46         SH:  0    Dex: 12    Spells: 2/2 levels left

rFire    . . .     SeeInvis .   (no weapon)
rCold    . . .     Gourm    .   c - +0 shield
rNeg     . . .     Faith    .   b - +0 scale mail
rPois    .         Spirit   .   (helmet restricted)
rElec    .         Reflect  .   (no cloak)
rCorr    .         Harm     .   (no gloves)
MR       .....                  (no boots)
Stlth    ..........             (no amulet)
Regen    0.1/turn               (no ring)
MPRegen  0.1/turn               (no ring)

@: confused
A: antennae 1, thin metallic scales 1
a: no special abilities


You were on level 2 of the Dungeon.
You were not hungry.

You visited 1 branch of the dungeon, and saw 2 of its levels.

You collected 46 gold pieces.

Inventory:

Hand Weapons
 a - a +0 long sword
Armour
 b - a +0 scale mail (worn)
 c - a +0 shield (worn)
Jewellery
 e - an uncursed ring of resist corrosion {unknown}
Scrolls
 g - 2 scrolls of random uselessness {unknown}
 h - a scroll of remove curse {unknown}
 i - 3 scrolls of identify {unknown}
 j - a scroll of amnesia {unknown}
Potions
 d - 2 potions of might
Comestibles
 f - a bread ration
 k - 2 royal jellies
 l - 2 fruits


   Skills:
 + Level 3.5 Fighting
 + Level 2.2 Long Blades
 + Level 2.7 Armour
 + Level 0.3 Dodging
 + Level 2.9 Shields


You had 2 spell levels left.
You didn't know any spells.

Dungeon Overview and Level Annotations

Branches:
Dungeon (2/15)

Altars:

Annotations:
D:2 Sigmund


Innate Abilities, Weirdness & Mutations

You have a pair of small antennae on your head.
You are partially covered in thin metallic scales. (AC +2)


Message History

The bat hits you but does no damage.
Sigmund says, "Your kind have come here before.
I understand now why.
You desire death..."
Sigmund gestures at you while chanting.
You are confused.
The bat hits you but does no damage. Sigmund hits you but does no damage.
Found a runed dagger.
You bump into the rock wall.
The bat hits you but does no damage. Sigmund gestures at you while chanting.
The magic dart hits you!
You miss Sigmund. The bat hits you but does no damage.
Sigmund barely misses you. The adder bites you. The bat hits you.
You bump into the rock wall.
The bat closely misses you. The adder bites you but does no damage.
Sigmund hits you with a scythe!
* * * LOW HITPOINT WARNING * * *
The bat hits you but does no damage.
The adder bites you but does no damage. x2
You feel less confused. Sigmund casts a spell at you.
You are confused.
The adder bites you.
You die...

....##.# ....... ....
####..... .....
....... ..... )....
....... .K.
......#######@#
......#.....#@##.##..
............b.S......
#.......###.#.#######
.#######.#...#........
....†..#.#...#.#####..
.#####...#...#..
.......#..)..#..
######.#.##..#...
#)#.##..#...


You could see Sigmund, an adder, a bat and a kobold.

Vanquished Creatures
  A leopard gecko (D:1)
  3 bats (D:1)
  A giant cockroach (D:1)
  3 goblins
  4 hobgoblins
  6 jackals (D:1)
  3 kobolds (D:1)
  A frilled lizard (D:1)
  3 rats (D:1)
25 creatures vanquished.

Notes
Turn   | Place    | Note
-------+----------+-------------------------------------------
     0 | D:1      | vineage the Demonspawn Fighter began the quest for the Orb.
     0 | D:1      | Reached XP level 1. HP: 18/18 MP: 1/1
   139 | D:1      | Gained mutation: You are partially covered in thin metallic scales. (AC +2) [demonic ancestry]
   139 | D:1      | Reached XP level 2. HP: 19/24 MP: 2/2
   700 | D:2      | Gained mutation: You have a pair of small antennae on your head. [demonic ancestry]
   700 | D:2      | Reached XP level 3. HP: 29/29 MP: 3/3
   728 | D:2      | Noticed Sigmund
   739 | D:2      | Slain by an adder

Skill      XL: |  1  2 |
---------------+-------+-----
Long Blades    | 2 |  2.2
Fighting       | |  3.5
Armour         | |  2.7
Dodging        | |  0.3
Shields        | |  2.9

Action                   || total
-------------------------++-------
Melee: Long sword        ||    72
       Unarmed           ||     1
Armor: Scale mail        ||    51
Dodge: Dodged            ||    20
Block: Shield            ||    44
       Rpst.: Long sword ||     6
